 Dungeon Crawl Stone Soup version 0.23-a0-391-g8c51ad5 (webtiles) character file.

10699 sleepydude the Basher (level 11, -8/100 HPs)
             Began as a Minotaur Berserker on Oct 30, 2018.
             Was a High Priest of Trog.
             Mangled by a five-headed hydra (10 damage)
             ... on level 13 of the Dungeon.
             The game lasted 00:24:41 (8616 turns).

sleepydude the Basher (Minotaur Berserker)          Turns: 8616, Time: 00:24:41

Health: -8/100     AC: 21    Str: 25    XL:     11   Next: 39%
Magic:  10/10      EV: 10    Int:  4    God:    Trog [*****.]
Gold:   690        SH:  5    Dex: 13    Spells: 10/10 levels left

rFire    . . .     SeeInvis .   E - +1 whip (flame)
rCold    . . .     Gourm    .   d - +0 buckler
rNeg     . . .     Faith    .   I - +0 plate armour
rPois    .         Spirit   .   i - +2 hat
rElec    .         Reflect  .   m - +0 cloak
rCorr    .         Harm     .   (no gloves)
MR       .....                  (no boots)
Stlth    ..........             u - amulet of regeneration
HPRegen  0.66/turn              w - +4 ring of protection
MPRegen  0.12/turn              h - +3 ring of strength

@: berserk cooldown, slowed, very slow
A: retaliatory headbutt, horns 2
a: Berserk, Trog's Hand, Brothers in Arms, Renounce Religion


You were on level 13 of the Dungeon.
You worshipped Trog.
Trog was extremely pleased with you.
You were not hungry.

You visited 1 branch of the dungeon, and saw 12 of its levels.

You collected 690 gold pieces.

Inventory:

Hand Weapons
 E - a +1 whip of flaming (weapon)
 G - a +1 mace of holy wrath
Armour
 d - a +0 buckler (worn)
 i - a +2 hat (worn)
 m - a +0 cloak (worn)
 I - a +0 plate armour (worn)
Jewellery
 h - a +3 ring of strength (right hand)
 o - an uncursed amulet of the acrobat
 r - an uncursed ring of poison resistance
 u - an amulet of regeneration (around neck)
 v - a +1 ring of evasion
 w - a +4 ring of protection (left hand)
 A - an uncursed ring of resist corrosion
 C - an uncursed ring of see invisible
Wands
 f - a wand of polymorph (9)
 k - a wand of enslavement (2)
 q - a wand of random effects (14)
 s - a wand of disintegration (23)
 D - a wand of flame (28)
 J - a wand of acid (7)
Scrolls
 a - 2 scrolls of remove curse {@r2}
 b - a scroll of amnesia {unknown}
 j - 6 scrolls of identify {@r1}
 p - 4 scrolls of teleportation
 y - 3 scrolls of blinking
 z - 6 scrolls of fear
 F - a scroll of enchant armour
Potions
 e - 5 potions of curing {@q1}
 g - 3 potions of flight
 l - 3 potions of heal wounds
 n - 4 potions of agility
 t - 2 potions of haste
 x - a potion of might
 B - 2 potions of lignification
 H - 2 potions of brilliance
Comestibles
 c - 18 rations


   Skills:
 + Level 10.2 Fighting
 + Level 13.1 Maces & Flails
 + Level 9.6 Armour
 + Level 6.9 Dodging
 + Level 3.3 Stealth
 + Level 6.9 Shields


You had 10 spell levels left.
You didn't know any spells.
Your spell library was empty.

Dungeon Overview and Level Annotations

Branches:
Dungeon (11/15)            Temple (0/1) D:7            Lair (0/6) D:9
    Orc (0/2) D:10

Altars:
Fedhas
Gozag
Nemelex Xobeh
Qazlal
Vehumet
Wu Jian


Innate Abilities, Weirdness & Mutations

You reflexively headbutt those who attack you in melee.
You have a pair of horns on your head.


Message History

The manticore flicks its tail.
The volley of spikes hits you!
You whack the five-headed hydra! You burn the five-headed hydra.
Your headbutt misses the five-headed hydra.
The five-headed hydra is almost dead.
The five-headed hydra misses you. The five-headed hydra bites you.
* * * LOW HITPOINT WARNING * * *
The five-headed hydra bites you.
* * * LOW HITPOINT WARNING * * *
You block the five-headed hydra's attack.
The five-headed hydra bites you but does no damage.
The centaur warrior shoots an arrow.
The arrow hits you.
* * * LOW HITPOINT WARNING * * *
The centaur warrior shoots an arrow.
The arrow barely misses you. The five-headed hydra bites you.
* * * LOW HITPOINT WARNING * * *
The five-headed hydra barely misses you.
You block the five-headed hydra's attack.
The five-headed hydra bites you!
You die...

#.....# ##.....# #
#......#
#.#......#
#.....>.#
.#.....[(#
........(#
........c#####.#
........HD@....#
#####.............
#.......(.....
#.............
#..########... #..
.. #.. . ..


You could see a five-headed hydra, a centaur warrior and a manticore.

Vanquished Creatures
  Harold (D:9)
  A two-headed ogre (D:9)
  A tengu warrior (D:13)
  Sonja (D:10)
  Pikel (D:7)
  A manticore (D:11)
  Joseph (D:7)
  A gargoyle (D:9)
  2 tengu conjurers
  A troll (D:9)
  A hippogriff (D:9)
  A hungry ghost (D:10)
  2 wargs (D:10)
  An acid dragon (D:11)
  2 water moccasins
  3 sky beasts
  3 ice beasts
  5 orc warriors
  A phantom (D:7)
  A necrophage (D:8)
  6 ogres
  A centaur (D:8)
  3 big kobolds
  5 bullfrogs
  A gnoll sergeant (D:8)
  5 scorpions
  5 wights (D:10)
  3 howler monkeys
  5 crimson imps
  A centaur zombie (D:10)
  A quasit (D:11)
  A bullfrog zombie (D:5)
  4 hounds
  4 jellies
  A centaur skeleton (D:4)
  11 orc priests
  15 orc wizards
  3 iguanas
  2 worker ants
  8 gnolls
  A howler monkey skeleton (D:4)
  A river rat (D:3)
  18 adders
  A shadow imp (D:9)
  An ooze (D:4)
  An adder skeleton (D:5)
  A worm (D:2)
  2 dart slugs
  4 leopard geckos
  45 orcs
  2 ball pythons (D:3)
  12 giant cockroaches
  6 goblins
  7 hobgoblins
  16 jackals
  23 kobolds
  6 quokkas
  8 bats
  7 frilled lizards
  2 leopard gecko skeletons
  15 rats
295 creatures vanquished.

Vanquished Creatures (collateral kills)
  The ghost of johnnyslick the Carver, a novice MiGl of Okawaru (D:7)
  A tengu conjurer (D:13)
  An acid dragon (D:13)
  A phantom (D:13)
  Crazy Yiuf (D:7)
5 creatures vanquished.

Vanquished Creatures (others)
  A slave (D:7)
  A crimson imp (D:6)
  An adder (D:7)
3 creatures vanquished.

Grand Total: 303 creatures vanquished

Notes
Turn   | Place    | Note
-------+----------+-------------------------------------------
     0 | D:1      | sleepydude the Minotaur Berserker began the quest for the
                  | Orb.
     0 | D:1      | Reached XP level 1. HP: 19/19 MP: 0/0
    97 | D:1      | Reached XP level 2. HP: 27/27 MP: 1/1
   274 | D:1      | Reached skill level 4 in Maces & Flails
   618 | D:1      | Reached ** piety under Trog
   736 | D:2      | Reached XP level 3. HP: 33/33 MP: 2/2
  1046 | D:2      | Reached XP level 4. HP: 41/41 MP: 3/3
  1365 | D:2      | Reached skill level 5 in Maces & Flails
  1405 | D:3      | Reached *** piety under Trog
  1740 | D:3      | Reached skill level 1 in Stealth
  2218 | D:3      | Reached XP level 5. HP: 47/47 MP: 4/4
  2660 | D:3      | Reached skill level 5 in Fighting
  2662 | D:3      | Reached skill level 6 in Maces & Flails
  2662 | D:3      | Reached XP level 6. HP: 56/56 MP: 5/5
  2737 | D:3      | Reached **** piety under Trog
  3361 | D:4      | Reached XP level 7. HP: 60/61 MP: 6/6
  3700 | D:5      | Entered Level 5 of the Dungeon
  3704 | D:5      | Reached skill level 7 in Maces & Flails
  3704 | D:5      | Reached skill level 1 in Shields
  3834 | D:5      | Found a sparkling altar of Nemelex Xobeh.
  3834 | D:5      | Found an ornate altar of the Wu Jian Council.
  3994 | D:5      | Reached ***** piety under Trog
  3998 | D:5      | Reached skill level 8 in Maces & Flails
  3998 | D:5      | Reached XP level 8. HP: 70/70 MP: 7/7
  4269 | D:6      | Reached skill level 5 in Dodging
  4590 | D:7      | Noticed Pikel
  4595 | D:7      | Killed Pikel
  4595 | D:7      | Reached skill level 9 in Maces & Flails
  4641 | D:7      | Found a staircase to the Ecumenical Temple.
  4693 | D:7      | Reached skill level 10 in Maces & Flails
  4696 | D:7      | Reached XP level 9. HP: 74/78 MP: 8/8
  4825 | D:7      | Noticed Joseph
  4849 | D:7      | Killed Joseph
  4849 | D:7      | Reached skill level 5 in Armour
  4939 | D:7      | Found a runed door.
  4943 | D:7      | Noticed Crazy Yiuf
  4948 | D:7      | Killed Crazy Yiuf
  5026 | D:7      | Found a large runed door.
  5026 | D:7      | Found a large runed door.
  5027 | D:7      | Noticed johnnyslick's ghost (novice MiGl)
  5037 | D:7      | Killed johnnyslick's ghost
  5296 | D:8      | Reached skill level 11 in Maces & Flails
  5888 | D:9      | Found a staircase to the Lair.
  5961 | D:9      | Noticed a two-headed ogre
  5965 | D:9      | Killed a two-headed ogre
  5965 | D:9      | Reached XP level 10. HP: 90/90 MP: 9/9
  6083 | D:9      | Noticed a gargoyle
  6094 | D:9      | Killed a gargoyle
  6204 | D:9      | Noticed Harold
  6221 | D:9      | Killed Harold
  6221 | D:9      | Reached skill level 12 in Maces & Flails
  6224 | D:9      | Reached skill level 5 in Shields
  6318 | D:9      | Found a radiant altar of Vehumet.
  6318 | D:9      | Found an opulent altar of Gozag.
  6325 | D:9      | Found a blossoming altar of Fedhas.
  6327 | D:9      | Found a stormy altar of Qazlal.
  6334 | D:9      | Found a faded altar of an unknown god.
  6688 | D:10     | Entered Level 10 of the Dungeon
  6696 | D:10     | Received a gift from Trog
  7139 | D:10     | Noticed Sonja
  7149 | D:10     | Killed Sonja
  7149 | D:10     | Reached XP level 11. HP: 99/99 MP: 10/10
  7503 | D:10     | Found a staircase to the Orcish Mines.
  8085 | D:11     | Received a gift from Trog
  8347 | D:11     | Reached skill level 10 in Fighting
  8567 | D:11     | You fall through a shaft for 2 floors!
  8567 | D:13     | Noticed a tengu warrior
  8568 | D:13     | Upgraded the game from 0.23-a0-389-g4a5eb33 to
                  | 0.23-a0-391-g8c51ad5
  8581 | D:13     | Reached skill level 13 in Maces & Flails
  8586 | D:13     | Killed a tengu warrior
  8604 | D:13     | Noticed a five-headed hydra
  8606 | D:13     | Noticed a centaur warrior
  8614 | D:13     | HP: 5/100 [five-headed hydra (3)]
  8616 | D:13     | HP: 2/100 [five-headed hydra (4)]
  8616 | D:13     | Mangled by a five-headed hydra

Vault maps used:
D:1:      nicolae_arrival_memento_mori
D:3:      portal_sewer_entry_c
D:4:      first_ration
D:5:      chequers_temple_overflow_statue_of_worship
D:7:      minmay_temple_entry_statues_pillars, ebering_ghost_disaster_area,
          uniq_crazy_yiuf_cottage, uniq_joseph, uniq_pikel
D:9:      chequers_temple_overflow_minitemple, dpeg_oklobed_lair, uniq_harold
D:10:     david_orc_1_choice, uniq_sonja
D:11:     grunt_tengu_nest, hangedman_decor_opposing, roderic_roman_lattice
D:13:     minmay_the_grid_four_pointed_star_mashed, serial_shops, shop,
          kennysheep_flooded_box, stair_cage_wide

Skill      XL: |  1  2  3  4  5  6  7  8  9 10 11 |
---------------+----------------------------------+-----
Fighting       | 4 5 6 8 9 10 | 10.2
Maces & Flails | 4 5 6 8 10 11 12 13 | 13.1
Stealth        | 1 2 3 |  3.3
Dodging        | 3 4 5 6 |  6.9
Armour         | 3 4 6 8 9 |  9.6
Shields        | 1 2 4 5 6 |  6.9

Action                   |  1- 3 |  4- 6 |  7- 9 | 10-12 || total
-------------------------+-------+-------+-------+-------++-------
Melee: Mace              |    81 |   145 |   117 |       ||   343
       Headbutt          |    12 |    22 |    67 |    92 ||   193
       Whip              |       |       |   206 |   351 ||   557
Invok: Berserk           |       |     3 |     6 |     4 ||    13
       Brothers in Arms  |       |       |     2 |     1 ||     3
  Use: Scroll            |     4 |     2 |    10 |     5 ||    21
 Stab: Sleeping          |       |       |     2 |       ||     2
  Eat: Chunk             |     1 |     6 |    14 |     3 ||    24
       Ration            |       |     1 |       |     4 ||     5
Armor: Animal skin       |    17 |    28 |       |       ||    45
       Ring mail         |       |    24 |    66 |       ||    90
       Plate armour      |       |       |    52 |   113 ||   165
Dodge: Dodged            |    50 |   140 |   109 |   103 ||   402
Block: Buckler           |       |    16 |    34 |    57 ||   107

Table legend:
 A = Non-vault XP
 B = Vault XP
 C = Vault XP percentage of total XP
 D = Non-vault monster count
 E = Vault monster count
 F = Vault count percentage of total count
                 A         B        C        D         E       F
            +---------+---------+-------+---------+---------+-------
      Total |   10835 |    4450 |  29.1 |     277 |      24 |   8.0
            +---------+---------+-------+---------+---------+-------
        D:1 |      40 |       0 |   0.0 |      26 |       0 |   0.0
        D:2 |     101 |       0 |   0.0 |      34 |       0 |   0.0
        D:3 |     429 |      25 |   5.5 |      44 |       7 |  13.7
        D:4 |     207 |       0 |   0.0 |      11 |       0 |   0.0
        D:5 |     635 |       0 |   0.0 |      23 |       0 |   0.0
        D:6 |     312 |       0 |   0.0 |      11 |       0 |   0.0
        D:7 |     818 |    1518 |  65.0 |      23 |       4 |  14.8
        D:8 |    1171 |       0 |   0.0 |      24 |       0 |   0.0
        D:9 |    3336 |     992 |  22.9 |      29 |       1 |   3.3
       D:10 |    1421 |    1520 |  51.7 |      30 |      10 |  25.0
       D:11 |    1042 |     334 |  24.3 |      18 |       1 |   5.3
       D:13 |    1323 |      61 |   4.4 |       4 |       1 |  20.0
            +---------+---------+-------+---------+---------+-------
